 Dungeon Crawl Stone Soup version 0.20.1-1-g8b1a95d (webtiles) character file.

25 digijack the Sneak (level 2, 0/13 HPs)
             Began as a Spriggan Enchanter on Oct 7, 2017.
             Slain by a hobgoblin
             ... wielding a +0 club
              (6 damage)
             ... on level 1 of the Dungeon.
             The game lasted 00:20:18 (1687 turns).

digijack the Sneak (Spriggan Enchanter)             Turns: 1687, Time: 00:20:18

Health: 0/13       AC:  3    Str:  4    XL:     2   Next: 82%
Magic:  3/7        EV: 19    Int: 16    God:
Gold:   59         SH:  0    Dex: 16    Spells: 4/7 levels left

rFire    . . .     SeeInvis +   a - +1 dagger
rCold    . . .     Gourm    .   (shield restricted)
rNeg     . . .     Faith    .   e - +1 robe
rPois    .         Spirit   .   (helmet restricted)
rElec    .         Reflect  .   (no cloak)
rCorr    .         Harm     .   (gloves unavailable)
MR       .....                  (boots unavailable)
Stlth    +++.......             (no amulet)
Regen    0.1/turn               (no ring)
MPRegen  0.1/turn               (no ring)

@: very quick
A: unfitting armour, see invisible, herbivore 3, speed 3, slow metabolism 2
a: no special abilities


You were on level 1 of the Dungeon.
You were not hungry.

You visited 1 branch of the dungeon, and saw 1 of its levels.

You collected 59 gold pieces.

Inventory:

Hand Weapons
 a - a +1 dagger (weapon)
 o - a +0 dagger
Missiles
 j - 17 stones (quivered)
 k - 23 arrows
 l - 2 throwing nets
Armour
 b - a +0 robe
 e - a +1 robe (worn)
 m - a +0 robe
Scrolls
 f - 4 scrolls of remove curse
 g - a scroll of fog
 i - 2 scrolls of identify
Potions
 n - a potion of curing
Books
 c - a book of Maledictions

   Spells                             Type                      Level
   a - Corona                         Hexes                        1
   b - Ensorcelled Hibernation        Hexes/Ice                    2
   c - Confuse                        Hexes                        3
   d - Tukima's Dance                 Hexes                        3
   e - Dazzling Spray                 Conjuration/Hexes            3
Comestibles
 d - 2 bread rations
 h - a royal jelly


   Skills:
 * Level 1.7 Short Blades
 * Level 3.6 Dodging
 + Level 4.6 Stealth
 + Level 3.0 Spellcasting
 + Level 3.9 Hexes


You had 4 spell levels left.
You knew the following spells:

 Your Spells              Type           Power        Failure   Level  Hunger
a - Corona                Hex            ###....      3%          1    #......
b - Ensorcelled Hibernat  Hex/Ice        #.....       12%         2    ##.....


Dungeon Overview and Level Annotations

Branches:
Dungeon (1/15)

Altars:
Yredelemnul


Innate Abilities, Weirdness & Mutations

You are very small and have problems with some larger weapons.
You are too small for most types of armour.
You have supernaturally acute eyesight. (SInv)
You are a herbivore.
You cover ground extremely quickly.
You need consume almost no food.


Message History

The hobgoblin hits you with a club.
You barely miss the hobgoblin. The hobgoblin hits you with a club.
You hit the hobgoblin.
The hobgoblin is moderately wounded.
The hobgoblin closely misses you.
You hit the hobgoblin.
The hobgoblin is heavily wounded.
The hobgoblin closely misses you.
You hit the hobgoblin.
The hobgoblin is severely wounded.
You hit the hobgoblin but do no damage.
The hobgoblin is severely wounded.
The hobgoblin misses you.
You closely miss the hobgoblin.
The hobgoblin is severely wounded.
The hobgoblin hits you with a club.
You barely miss the hobgoblin.
The hobgoblin is severely wounded.
The hobgoblin hits you with a club.
You die...

#.# #.# #.# #..≈≈ #.# #.#
#.# #.≈≈≈ ##.# #.# #.#
##########.≈≈≈ ...#
#.#####.## #.....>.....≈≈
#### #........#
##.#######..≈≈≈
#######..####...#......P≈≈≈
#.)....†...#.###.#.≈≈
##.#......###.#....).
#.#@#.....#..#..#...
####..g.....#..........
#......[.#.##..##..#...
#.##...................
##.##...............#.##
..........#...........# .#
##.##.#..#####..####..##
#.# #.##.#).# #..###.....
##.## #.......# #..##..)...


You could see a hobgoblin.

Vanquished Creatures
  A dart slug (D:1)
  A ball python (D:1)
  4 bats (D:1)
  3 giant cockroaches (D:1)
  A hobgoblin (D:1)
  A jackal (D:1)
  3 kobolds (D:1)
  A frilled lizard (D:1)
  5 goblins (D:1)
  2 rats (D:1)
22 creatures vanquished.

Notes
Turn   | Place    | Note
-------+----------+-------------------------------------------
     0 | D:1      | digijack the Spriggan Enchanter began the quest for the Orb.
     0 | D:1      | Reached XP level 1. HP: 9/9 MP: 5/5
   454 | D:1      | Found a basalt altar of Yredelemnul.
   678 | D:1      | Reached XP level 2. HP: 12/13 MP: 3/6
   878 | D:1      | Learned a level 2 spell: Ensorcelled Hibernation
  1687 | D:1      | Slain by a hobgoblin

Skill      XL: |  1  2 |
---------------+-------+-----
Spellcasting   | 3 |  3.0
Short Blades   | |  1.7
Dodging        | |  3.6
Stealth        | |  4.6
Hexes          | |  3.9

Action                   || total
-------------------------++-------
Melee: Dagger            ||   266
 Cast: Corona            ||    20
       Ensorcelled Hiber ||     8
  Use: Potion            ||     3
       Scroll            ||     5
 Stab: Sleeping          ||     4
Armor: Robe              ||    13
Dodge: Dodged            ||    75
